 Dungeon Crawl Stone Soup version 0.25-a0-1002-gbcf8c60d55 (webtiles) character file.

Game seed: 15562842509926880487, levelgen mode: deterministic

7 Chiseanne the Covered (level 1, 0/14 HPs)
             Began as a Demonspawn Wanderer on May 11, 2020.
             Slain by a giant cockroach (1 damage)
             ... on level 1 of the Dungeon.
             The game lasted 00:01:25 (238 turns).

Chiseanne the Covered (Demonspawn Wanderer)          Turns: 238, Time: 00:01:25

Health: 0/14       AC:  2    Str: 13    XL:     1   Next: 83%
Magic:  1/1        EV: 11    Int: 11    God:
Gold:   7          SH:  0    Dex: 13    Spells: 1/1 levels left

rFire    . . .     SeeInvis .   a - +0 club
rCold    . . .     Gourm    .   (no shield)
rNeg     . . .     Faith    .   d - +0 robe
rPois    .         Spirit   .   (no helmet)
rElec    .         Reflect  .   (no cloak)
rCorr    .         Harm     .   (no gloves)
MR       .....                  (no boots)
Stlth    ++........             (no amulet)
HPRegen  0.04/turn              (no ring)
MPRegen  0.07/turn              (no ring)

@: no status effects
A: no striking features
a: no special abilities


You were on level 1 of the Dungeon.
You were not hungry.

You visited 1 branch of the dungeon, and saw 1 of its levels.

You collected 7 gold pieces.

Inventory:

Hand Weapons
 a - a +0 club (weapon)
Missiles
 b - 9 stones (quivered)
 c - 26 bolts
Armour
 d - a +0 robe (worn)
Wands
 e - a wand of enslavement (12)
Comestibles
 f - a ration
 g - 3 chunks of flesh


   Skills:
 * Level 0.6 Fighting
   Level 1.0 Axes
 - Level 3.6 Armour
 * Level 0.5 Dodging
 - Level 1.0 Stealth
 * Level 0.5 Spellcasting
   Level 1.7 Translocations
   Level 1.0 Transmutations
 - Level 1.0 Evocations


You had one spell level left.
You didn't know any spells.
Your spell library contained the following spells:

 Spells                   Type           Power        Failure   Level  Hunger
 Beastly Appendage        Tmut           #.....       22%         1    ##.....
 Sting                    Tmut/Pois      #...         28%         1    ##.....
 Spider Form              Tmut/Pois      #.........   63%         3    ####...


Dungeon Overview and Level Annotations

Branches:
Dungeon (1/15)

Altars:


Message History

Attack!
Your rat bites the giant cockroach.
The giant cockroach closely misses your rat.
The giant cockroach closely misses your rat.
Your rat bites the giant cockroach.
The giant cockroach bites your rat.
Your rat dies!
Throwing (i - inventory)
b - 11 stones (quivered)
Press: ? - help, Shift-Dir - straight line, f/p - giant cockroach
Aim: a giant cockroach (heavily wounded)
You throw a stone. The stone hits the giant cockroach.
The giant cockroach is almost dead.
Throwing (i - inventory)
b - 10 stones (quivered)
Press: ? - help, Shift-Dir - straight line, f/p - giant cockroach
Aim: a giant cockroach (almost dead)
You throw a stone.
The stone closely misses the giant cockroach.
You closely miss the giant cockroach.
The giant cockroach is almost dead.
The giant cockroach bites you.
You die...

##...............##
#.###.#...#####.## # #.#...#
#..# ##.###.#...## ##.#
#...........# #.##
#..###.##...# #..# # #s##...#
####.###
#..###.##...###......#
#........(..)(.s@....########
#.####.##.#.##........'.....#
#....#.###......##..#..#
######.# ###+#####..#..# #.#
#..<..# #.# #.....# #.#
####### ..#


You could see a giant cockroach.

Vanquished Creatures
  A leopard gecko (D:1)
  A goblin (D:1)
  A hobgoblin (D:1)
  A frilled lizard (D:1)
4 creatures vanquished.

Vanquished Creatures (others)
  A goblin (D:1)
  A rat (D:1)
2 creatures vanquished.

Grand Total: 6 creatures vanquished

Notes
Turn   | Place    | Note
-------+----------+-------------------------------------------
     0 | D:1      | Chiseanne the Demonspawn Wanderer began the quest for the
                  | Orb.
     0 | D:1      | Chiseanne set off with the following items: a +0 club, a +0
                  | robe, a wand of enslavement (15), a ration; and the
                  | following spells available to memorise: Beastly Appendage,
                  | Sting, Spider Form
     0 | D:1      | Reached XP level 1. HP: 13/13 MP: 1/1
   238 | D:1      | Slain by a giant cockroach

Illustrated notes

Levels and vault maps discovered:
D:1:      dpeg_arrival_rooms_b, layout_loops_ring, minmay_3d_cube

Action                   || total
-------------------------++-------
Melee: Club              ||    27
Throw: Stone             ||     2
Evoke: Wand              ||     3
Armor: Robe              ||     3
Dodge: Dodged            ||    22

Table legend:
 A = Non-vault XP
 B = Vault XP
 C = Vault XP percentage of total XP
 D = Non-vault monster count
 E = Vault monster count
 F = Vault count percentage of total count
                 A         B        C        D         E       F
            +---------+---------+-------+---------+---------+-------
      Total |      10 |       0 |   0.0 |       5 |       0 |   0.0
            +---------+---------+-------+---------+---------+-------
        D:1 |      10 |       0 |   0.0 |       5 |       0 |   0.0
            +---------+---------+-------+---------+---------+-------
